 Dungeon Crawl Stone Soup version 0.30-a0-1043-g60ff8d5f49 (webtiles) character file.

Game seed: 9998838395036161975

802 funkygono the Chopper (level 7, -1/55 (62) HPs)
             Began as a Minotaur Fighter on Apr 10, 2023.
             Slain by a wight
             ... wielding a +0 halberd
              (3 damage)
             ... on level 4 of the Dungeon.
             The game lasted 00:08:36 (3139 turns).

funkygono the Chopper (Minotaur Fighter)            Turns: 3139, Time: 00:08:37

HP:   -1/55 (62)    AC: 12    Str: 23    XL:     7   Next: 59%
MP:   6/6           EV:  7    Int:  5    God:
Gold: 148           SH:  8    Dex:  9    Spells: 6/6 levels left

rFire   . . .      SeeInvis .    a - +1 war axe
rCold   . . .      Faith    .    d - +0 kite shield
rNeg    . . .      Spirit   .    s - +0 chain mail
rPois   .          Reflect  .    (helmet restricted)
rElec   .          Rampage  .    l - +0 cloak
rCorr   .                        f - +0 pair of gloves
Will    .....                    (no boots) Stlth
                                 (no amulet)
HPRegen 0.29/turn                (no ring)
MPRegen 0.10/turn                (no ring)

@: heavily drained
A: horns 2, retaliatory headbutt
a: no special abilities


You were on level 4 of the Dungeon.
You visited 1 branch of the dungeon, and saw 4 of its levels.

You collected 148 gold pieces.

Inventory:

Hand Weapons
 a - a +1 war axe (weapon)
Missiles
 u - 7 boomerangs (quivered)
Armour
 d - a +0 kite shield (worn)
 f - a +0 pair of gloves (worn)
 l - a +0 cloak (worn)
 s - a +0 chain mail (worn)
Magical Staves
 r - a staff of poison
Wands
 b - a wand of mindburst (11)
 p - a wand of polymorph (3)
Scrolls
 h - 2 scrolls of teleportation
 k - a scroll of enchant armour {unknown}
 m - 2 scrolls of identify
 n - a scroll of vulnerability {unknown}
Potions
 e - a potion of haste {unknown}
 g - 3 potions of ambrosia
 i - 2 potions of degeneration {unknown}
 j - a potion of cancellation
 q - a potion of curing


   Skills:
 + Level 5.8 Fighting
 + Level 7.0 Axes
 + Level 6.1 Armour
 + Level 1.1 Dodging
 + Level 0.2 Stealth
 + Level 5.0 Shields


You had 6 spell levels left.
You didn't know any spells.
Your spell library contained the following spells:

 Spells                   Type           Power      Damage    Failure   Level
 Sandblast                Erth           0%         2d4       100%        1
 Passwall                 Tmut/Erth      0%         N/A       100%        2
 Stone Arrow              Conj/Erth      0%         3d7       100%        3


Dungeon Overview and Level Annotations

Branches:
Dungeon (4/15)
 Temple: D:4-7

Altars:
Trog
Wu Jian

Shops:
D:3 *


Innate Abilities, Weirdness & Mutations

You have a pair of horns on your head.
You reflexively headbutt those who attack you in melee.


Message History

You feel drained.
The wight hits you with a +0 short sword!
You feel drained.
You hit the wight.
You destroy the wight!
The wight completely misses you.
Your Axes skill increases to level 7!
The wight hits you with a +0 halberd!
You feel drained.
Items here: ))) [[[.
You barely miss the wight. You headbutt the wight.
The wight is lightly damaged.
The wight hits you with a +0 halberd.
You closely miss the wight.
The wight is lightly damaged.
You block the wight's attack.
You completely miss the wight.
The wight is lightly damaged.
The wight hits you with a +0 halberd!
* * * LOW HITPOINT WARNING * * *
You feel drained.
* * * LOW HITPOINT WARNING * * *
The wight hits you with a +0 halberd.
* * * LOW HITPOINT WARNING * * *
You feel drained.
* * * LOW HITPOINT WARNING * * *
You barely miss the wight.
The wight is lightly damaged.
The wight hits you with a +0 halberd.
* * * LOW HITPOINT WARNING * * *
You slash the wight!
The wight is almost destroyed.
You block the wight's attack.
You closely miss the wight.
The wight is almost destroyed.
The wight hits you with a +0 halberd.
* * * LOW HITPOINT WARNING * * *
You feel drained.
* * * LOW HITPOINT WARNING * * *
The wight hits you with a +0 halberd.
You die...

#######.##.####.#
♣~~ #.)..####.#
♣~P~ #.#....##.#
##~P~~
#.##.#....##..~P≈≈
#.##.###..#..~~~≈P
#.##.#
#.>..~~~≈≈~~
#....#
###.#♣P~~~~~
###### #.# P~~♣
#@# ~P~~ #z# ~~P~.
#.#♣~~~~~~ #...♣
###..# #..# #...
###.. .


You could see a wight.

Vanquished Creatures
  Pargi (D:4)
  2 ogres (D:4)
  A scorpion (D:4)
  3 wights (D:4)
  A jelly (D:4)
  A hound (D:4)
  2 orc priests (D:4)
  Terence (D:2)
  Robin (D:2)
  4 adders
  An ufetubus (D:4)
  5 worms
  3 dart slugs
  11 orcs (D:4)
  10 endoplasms
  3 giant cockroaches
  22 goblins
  4 hobgoblins
  3 quokkas
  8 ball pythons
  5 bats
  3 frilled lizards
  5 kobolds
  7 rats
107 creatures vanquished.

Vanquished Creatures (others)
  17 plants
17 creatures vanquished.

Grand Total: 124 creatures vanquished

Notes
Turn   | Place    | Note
-------+----------+-------------------------------------------
     0 | D:1      | funkygono the Minotaur Fighter began the quest for the Orb.
     0 | D:1      | Reached XP level 1. HP: 19/19 MP: 0/0
   102 | D:1      | Reached XP level 2. HP: 27/27 MP: 1/1
   479 | D:1      | Reached XP level 3. HP: 33/33 MP: 2/2
   568 | D:2      | Reached skill level 3 in Axes
   568 | D:2      | Noticed Robin
   590 | D:2      | Killed Robin
   811 | D:2      | Reached XP level 4. HP: 40/40 MP: 3/3
   827 | D:2      | Noticed Terence
   841 | D:2      | Killed Terence
  1114 | D:2      | Found an ornate altar of the Wu Jian Council.
  1128 | D:2      | Reached skill level 4 in Axes
  1509 | D:3      | Found Ecvur's General Store.
  1611 | D:3      | Reached XP level 5. HP: 47/47 MP: 4/4
  2301 | D:4      | Reached skill level 5 in Armour
  2421 | D:4      | Noticed an ogre
  2427 | D:4      | Killed an ogre
  2428 | D:4      | Reached skill level 5 in Fighting
  2428 | D:4      | Reached skill level 5 in Axes
  2428 | D:4      | Reached XP level 6. HP: 35/56 MP: 5/5
  2825 | D:4      | Noticed Pargi
  2842 | D:4      | Killed Pargi
  2843 | D:4      | Reached skill level 6 in Axes
  2843 | D:4      | Reached XP level 7. HP: 61/61 MP: 6/6
  2866 | D:4      | Noticed a moth of wrath
  2927 | D:4      | Found a bloodstained altar of Trog.
  3077 | D:4      | Reached skill level 1 in Dodging
  3131 | D:4      | Reached skill level 5 in Shields
  3133 | D:4      | Reached skill level 7 in Axes
  3139 | D:4      | HP: 2/55 [wight/+0 halberd (1)]
  3139 | D:4      | Slain by a wight

Illustrated notes

Levels and vault maps discovered:
D:1:      amcnicky_arrival_blooded_trapdoor, layout_rooms, corexii_corridor_pit
D:2:      layout_basic, basic_altar, serial_bayou_lagoon_b, uniq_terence,
          uniq_robin
D:3:      wander_river, layout_loops_corners, serial_shops, nicolae_diamond_shop
D:4:      minmay_diamond_boxcup, layout_basic, tgw_trog, serial_bayou,
          serial_bayou_shore_a, serial_bayou_pond_c, serial_bayou_pond_c,
          serial_bayou_ford_a, uniq_pargi

Skill      XL: |  1  2  3  4  5  6  7 |
---------------+----------------------+-----
Fighting       | 4 5 |  5.8
Shields        | 4 5 |  5.0
Armour         | 4 5 6 |  6.1
Axes           | 3 4 5 6 7 |  7.0
Dodging        | 1 |  1.1
Stealth        | |  0.2

Action                     |  1- 3 |  4- 6 |  7- 9 || total
---------------------------+-------+-------+-------++-------
  Melee: War axe           |    60 |   150 |    41 ||   251
         Headbutt          |     9 |    25 |     9 ||    43
    Use: Scroll            |       |    11 |       ||    11
         Potion            |       |     1 |       ||     1
 Armour: Scale mail        |    36 |     1 |       ||    37
         Chain mail        |       |    62 |    12 ||    74
  Dodge: Dodged            |    30 |    62 |     9 ||   101
  Block: Buckler           |     7 |    38 |       ||    45
         Kite shield       |       |       |    16 ||    16

Table legend: (Time is in decaauts)
 A = Elapsed time spent in this place.
 B = Non-inter-level travel time spent in this place.
 C = Inter-level travel time spent in this place.
 D = Time resting spent in this place.
 E = Time spent auto-exploring this place.
 F = Levels seen in this place.
 G = Mean time per level.
                   A        B        C        D        E       F      G
               +--------+--------+--------+--------+--------+-----+--------+
         Total |   3288 |   3207 |     81 |    100 |   2170 |   4 |  822.0 |
       Dungeon |   3288 |   3207 |     81 |    100 |   2170 |   4 |  822.0 |
               +--------+--------+--------+--------+--------+-----+--------+

Top non-repeatable levels by time:
     D:4: 1050 daAuts
     D:2: 933 daAuts
     D:3: 761 daAuts
     D:1: 542 daAuts
